WCHLSIM.com - West Coast Hockey League
html PUBLIC "-//W3C//DTD XHTML 1.0 Transitional//EN" "http://www.w3.org/TR/xhtml1/DTD/xhtml1-transitional.dtd"> WCHL - Game 664 - KELOWNA ROCKETS vs OAKLAND GORILLAS

KELOWNA ROCKETS vs OAKLAND GORILLAS

Created - 18 janvier 2020 at 10:15

Goals
1 2 3 T
KELOWNA ROCKETS 2 1 2 5
OAKLAND GORILLAS 1 0 0 1
Shots
1 2 3 T
KELOWNA ROCKETS 10 14 24 48
OAKLAND GORILLAS 6 7 5 18

1st period

1. KELOWNA ROCKETS , Alexander Ovechkin 27 (Vladimir Tarasenko 38, Evgeny Kuznetsov 38) at 3:25 (PP)
2. OAKLAND GORILLAS , Jimmy Vesey 13 (Cedric Paquette 5, Ryan Dzingel 13) at 7:06
3. KELOWNA ROCKETS , Vladimir Tarasenko 27 (Adam Fox 4) at 7:43

Penalties :
Filip Hronek (OAK) for Hooking (Minor) at 2:51, Filip Hronek (OAK) for Roughing (Minor) at 3:47, Matt Benning (OAK) for Cross-checking (Minor) at 8:03

2nd period

4. KELOWNA ROCKETS , Vladimir Tarasenko 28 (Alexander Ovechkin 35, Evgeny Kuznetsov 39) at 1:53

Penalties :
Tyler Bertuzzi (KEL) for Hooking (Minor) at 3:14, Auston Matthews (KEL) for Slashing (Minor) at 6:29, Ryan Hartman (OAK) for Roughing (Minor) at 8:40, Adam Fox (KEL) for Roughing (Minor) at 12:23, Pavel Buchnevich (KEL) for Roughing (Minor) at 16:32

3rd period

5. KELOWNA ROCKETS , Auston Matthews 6 (Jordan Eberle 9, Adam Fox 5) at 0:37
6. KELOWNA ROCKETS , Drew Doughty 6 (Vladimir Tarasenko 39, Evgeny Kuznetsov 40) at 1:41

Penalties :
Cedric Paquette (OAK) for Tripping (Minor) at 8:28, Brady Tkachuk (OAK) for High sticking (Minor) at 17:42

Goalie Stats

Tuukka Rask (KEL), 17 saves from 18 shots - (0,944), W, 20-10-0, 60:00 minutes
Louis Domingue (OAK), 22 saves from 23 shots - (0,957), 19:23 minutes
Tristan Jarry (OAK), 21 saves from 25 shots - (0,840), L, 3-1-0, 40:37 minutes

Players Stats for KELOWNA ROCKETS

Player Name              G  A  P  +/- PIM S  H  SB GA TA FO     MP     PP MP  PK MP  
------------------------------------------------------------------------------------
Adam Fox                 0  2  2   3  2   2  1  0  0  0  0/0    21:38   6:28   2:55 
Alexander Ovechkin       1  1  2   2  0   8  2  0  0  0  1/2    21:00   6:28   0:00 
Anthony Cirelli          0  0  0   0  0   1  2  0  0  0  11/20  12:54   0:00   4:39 
Auston Matthews          1  0  1   1  2   3  1  1  0  0  8/14   17:32   0:00   2:31 
Colby Cave               0  0  0   0  0   0  0  0  0  0  0/0     3:46   0:00   0:00 
Dmitri Orlov             0  0  0   3  0   1  3  2  0  0  0/0    20:26   0:00   4:03 
Drew Doughty             1  0  1   1  0   2  0  2  0  0  0/0    21:49   0:00   3:53 
Evgeny Kuznetsov         0  3  3   2  0   1  1  0  0  0  17/29  20:26   5:54   0:00 
James van Riemsdyk       0  0  0   1  0   4  0  0  0  0  1/4    20:56   5:54   0:00 
Joakim Nordstrom         0  0  0   0  0   1  0  0  0  0  1/1     4:32   0:00   0:46 
Jonas Siegenthaler       0  0  0  -1  0   0  0  1  0  0  0/0    15:17   0:00   3:54 
Jordan Eberle            0  1  1   1  0   2  0  1  0  0  1/4    19:41   0:00   4:39 
Marcus Pettersson        0  0  0  -1  0   0  2  0  0  0  0/0    16:31   4:01   1:07 
Nick Bjugstad            0  0  0   0  0   3  0  0  0  0  9/11   11:38   4:35   3:17 
Nikita Zadorov           0  0  0   1  0   2  7  0  0  0  0/0    17:50   4:01   0:00 
Pavel Buchnevich         0  0  0   0  2   2  0  0  0  0  0/1    12:49   4:35   0:00 
Tyler Bertuzzi           0  0  0   0  2   3  1  0  0  0  1/1    12:49   4:35   0:00 
Vladimir Tarasenko       2  2  4   2  0   13 1  0  0  0  0/0    20:26   5:54   0:00 

Players Stats for OAKLAND GORILLAS

Player Name              G  A  P  +/- PIM S  H  SB GA TA FO     MP     PP MP  PK MP  
------------------------------------------------------------------------------------
Brady Tkachuk            0  0  0  -2  2   1  4  0  0  0  0/0    19:48   3:33   3:56 
Brandon Dubinsky         0  0  0   0  0   0  2  0  0  0  0/1     6:44   0:07   1:01 
Cedric Paquette          0  1  1   0  2   1  1  0  0  0  13/23  16:49   4:16   0:00 
Erik Gudbranson          0  0  0  -2  0   0  7  3  0  0  0/0    24:14   1:39   6:45 
Filip Hronek             0  0  0  -1  4   0  1  2  0  0  0/0    26:54   3:51   3:33 
Ivan Barbashev           0  0  0  -1  0   0  0  1  0  0  5/16   11:52   0:38   0:00 
Jakob Chychrun           0  0  0  -2  0   1  1  2  0  0  0/0    27:44   4:38   6:05 
Jimmy Vesey              1  0  1   0  0   3  0  1  0  0  5/14   23:24   4:23   5:34 
John Moore               0  0  0   0  0   0  0  0  0  0  0/0     0:12   0:00   0:00 
Jordan Greenway          0  0  0  -1  0   1  0  0  0  0  0/0    11:14   0:00   0:00 
Matt Benning             0  0  0  -1  2   0  6  2  0  0  0/0    16:49   2:25   1:22 
Milan Lucic              0  0  0   0  0   3  4  0  0  0  1/6    14:20   2:55   5:46 
Nico Hischier            0  0  0  -2  0   0  0  1  0  0  0/0    13:13   0:00   0:00 
Ryan Dzingel             0  1  1   0  0   4  0  0  0  0  2/6    22:33   4:23   4:43 
Ryan Hartman             0  0  0  -1  2   1  0  0  0  0  1/1    14:46   3:33   0:00 
Samuel Girard            0  0  0   0  0   1  1  2  0  0  0/0    21:29   2:41   3:11 
Travis Boyd              0  0  0   0  0   0  0  0  0  0  0/0     0:00   0:00   0:00 
Wayne Simmonds           0  0  0  -2  0   2  0  0  0  0  10/20  17:20   0:38   0:00 

3 Stars

1 - Vladimir Tarasenko (KEL)
2 - Alexander Ovechkin (KEL)
3 - Evgeny Kuznetsov (KEL)

Power Play

KELOWNA ROCKETS - 1 on 6 Attempt(s) - 16,67%
OAKLAND GORILLAS - 0 on 4 Attempt(s) - 0,00%

Penalty Kill

KELOWNA ROCKETS - 4 on 4 Attempt(s) - 100,00% - Score 0 goal in Penalty Kill
OAKLAND GORILLAS - 5 on 6 Attempt(s) - 83,33% - Score 0 goal in Penalty Kill

Team Stat

KELOWNA ROCKETS - Hits : 21 - Faceoff Wins : 50 - Blocked Shots : 7 - Penalty Minutes : 8
OAKLAND GORILLAS - Hits : 27 - Faceoff Wins : 37 - Blocked Shots : 14 - Penalty Minutes : 12

Official

Referees : Brad Meier and Jon McIsaac
Linesman : Jordan Browne and Alex Stagnone

Game Notes

John Moore is injured at 2:06 of 1st period (Back Spasms)
Louis Domingue enters game at 0:37 of 3rd period

Finance

Level 1 -- Attendance: 6000 (100,00%) -- Ticket Income 630 000 $
Level 2 -- Attendance: 4993 (99,86%) -- Ticket Income 324 545 $
Level 3 -- Attendance: 2000 (100,00%) -- Ticket Income 70 000 $
Level 4 -- Attendance: 4000 (100,00%) -- Ticket Income 100 000 $
Luxury Box -- Attendance: 1000 (100,00%) -- Ticket Income 210 000 $
Total Attendance: 17993 (99,96%)
Total Ticket Income: 1 334 545 $
Other Income: 400 364 $
Total Income: 1 734 909 $

KELOWNA ROCKETS

5 vs 5 Forward 
   Center                   Left Wing                Right Wing               Time % Phy DF OF 
 1 Evgeny Kuznetsov         Alexander Ovechkin       Vladimir Tarasenko       36     0   1  4  
 2 Auston Matthews          James van Riemsdyk       Jordan Eberle            36     0   1  4  
 3 Anthony Cirelli          Pavel Buchnevich         Tyler Bertuzzi           23     0   3  2  
 4 Nick Bjugstad            Joakim Nordstrom         Colby Cave               5      0   3  2  

5 vs 5 Defense 
   Defense                  Defense                                           Time % Phy DF OF 
 1 Drew Doughty             Nikita Zadorov                                    33     1   3  1  
 2 Dmitri Orlov             Adam Fox                                          31     1   3  1  
 3 Jonas Siegenthaler       Marcus Pettersson                                 23     1   4  0  
 4 Dmitri Orlov             Drew Doughty                                      13     0   3  2  

PowerPlay Forward 
   Center                   Left Wing                Right Wing               Time % Phy DF OF 
 1 Evgeny Kuznetsov         James van Riemsdyk       Vladimir Tarasenko       75     1   0  4  
 2 Nick Bjugstad            Tyler Bertuzzi           Pavel Buchnevich         25     1   0  4  

PowerPlay Defense
   Defense                  Defense                                           Time % Phy DF OF 
 1 Adam Fox                 Alexander Ovechkin                                75     0   1  4  
 2 Marcus Pettersson        Nikita Zadorov                                    25     0   1  4  

Penalty Kill 4 Players Forward 
   Center                   Wing                     Time % Phy DF OF 
 1 Anthony Cirelli          Jordan Eberle            55     1   4  0  
 2 Auston Matthews          Nick Bjugstad            45     1   4  0  

Penalty Kill 4 Players Defense
   Defense                  Defense                  Time % Phy DF OF 
 1 Drew Doughty             Jonas Siegenthaler       55     1   4  0  
 2 Adam Fox                 Dmitri Orlov             45     1   4  0  

Penalty Kill - 3 Players Forward 
   Forward                                           Time % Phy DF OF 
 1 Anthony Cirelli                                   55     0   5  0  
 2 Auston Matthews                                   45     0   5  0  

Penalty Kill - 3 Players Defense
   Defense                  Defense                  Time % Phy DF OF 
 1 Jonas Siegenthaler       Drew Doughty             55     1   4  0  
 2 Adam Fox                 Dmitri Orlov             45     1   4  0  

4 vs 4 Forward 
   Center                   Wing                     Time % Phy DF OF 
 1 Evgeny Kuznetsov         Alexander Ovechkin       50     0   2  3  
 2 Anthony Cirelli          Vladimir Tarasenko       50     0   2  3  

4 vs 4 Defense
   Defense                  Defense                  Time % Phy DF OF 
 1 Drew Doughty             Nikita Zadorov           50     1   2  2  
 2 Dmitri Orlov             Jonas Siegenthaler       50     1   2  2  

Last Minutes Offensive
   Center                   Left Wing                Right Wing               Defense                  Defense                  
   Auston Matthews          Alexander Ovechkin       Vladimir Tarasenko       Drew Doughty             Dmitri Orlov             

Last Minutes Defensive
   Center                   Left Wing                Right Wing               Defense                  Defense                  
   Auston Matthews          Anthony Cirelli          Jordan Eberle            Drew Doughty             Jonas Siegenthaler       

Goaltenders
Starting : Tuukka Rask              
Backup : Marcus Hogberg           

Extra Forwards
Normal : Pavel Buchnevich, Tyler Bertuzzi, Alexander Ovechkin - PP : Jordan Eberle, Alexander Ovechkin - PK : Joakim Nordstrom
Extra Defensemen
Normal : Jonas Siegenthaler, Adam Fox, Marcus Pettersson - PP : Dmitri Orlov - PK : Marcus Pettersson, Jonas Siegenthaler
Penalty Shots
Alexander Ovechkin, Auston Matthews, Vladimir Tarasenko, Evgeny Kuznetsov, James van Riemsdyk
Custom OT Lines Forwards
Evgeny Kuznetsov, Alexander Ovechkin, Auston Matthews, Vladimir Tarasenko, Anthony Cirelli, Jordan Eberle, Tyler Bertuzzi, Pavel Buchnevich, Nick Bjugstad, James van Riemsdyk
Custom OT Lines Defensemen
Drew Doughty, Jonas Siegenthaler, Dmitri Orlov, Nikita Zadorov, Marcus Pettersson

Scratches
Chris Tanev (Bruised Left Shoulder Injury), Duncan Siemens (Healthy), Zack Mitchell (Healthy)

OAKLAND GORILLAS

5 vs 5 Forward 
   Center                   Left Wing                Right Wing               Time % Phy DF OF 
 1 Wayne Simmonds           Brady Tkachuk            Nico Hischier            36     1   1  3  
 2 Cedric Paquette          Ryan Dzingel             Jimmy Vesey              31     1   3  1  
 3 Ivan Barbashev           Ryan Hartman             Jordan Greenway          23     1   3  1  
 4 Wayne Simmonds           Milan Lucic              Brandon Dubinsky         10     1   3  1  

5 vs 5 Defense 
   Defense                  Defense                                           Time % Phy DF OF 
 1 Matt Benning             Jakob Chychrun                                    36     1   1  3  
 2 Filip Hronek             Samuel Girard                                     31     1   1  3  
 3 John Moore               Erik Gudbranson                                   23     1   3  1  
 4 John Moore               Jakob Chychrun                                    10     1   3  1  

PowerPlay Forward 
   Center                   Left Wing                Right Wing               Time % Phy DF OF 
 1 Cedric Paquette          Ryan Dzingel             Jimmy Vesey              55     1   2  2  
 2 Milan Lucic              Brady Tkachuk            Ryan Hartman             45     1   2  2  

PowerPlay Defense
   Defense                  Defense                                           Time % Phy DF OF 
 1 Filip Hronek             John Moore                                        55     1   2  2  
 2 Jakob Chychrun           Samuel Girard                                     45     1   2  2  

Penalty Kill 4 Players Forward 
   Center                   Wing                     Time % Phy DF OF 
 1 Jimmy Vesey              Milan Lucic              55     1   2  2  
 2 Ryan Dzingel             Brady Tkachuk            45     1   2  2  

Penalty Kill 4 Players Defense
   Defense                  Defense                  Time % Phy DF OF 
 1 Erik Gudbranson          John Moore               55     1   2  2  
 2 Jakob Chychrun           Samuel Girard            45     1   2  2  

Penalty Kill - 3 Players Forward 
   Forward                                           Time % Phy DF OF 
 1 Ryan Dzingel                                      55     1   2  2  
 2 Brady Tkachuk                                     45     1   2  2  

Penalty Kill - 3 Players Defense
   Defense                  Defense                  Time % Phy DF OF 
 1 Filip Hronek             John Moore               55     1   2  2  
 2 Jakob Chychrun           Samuel Girard            45     1   2  2  

4 vs 4 Forward 
   Center                   Wing                     Time % Phy DF OF 
 1 Jimmy Vesey              Cedric Paquette          55     1   2  2  
 2 Ryan Dzingel             Brady Tkachuk            45     1   2  2  

4 vs 4 Defense
   Defense                  Defense                  Time % Phy DF OF 
 1 Erik Gudbranson          John Moore               55     1   2  2  
 2 Jakob Chychrun           Samuel Girard            45     1   2  2  

Last Minutes Offensive
   Center                   Left Wing                Right Wing               Defense                  Defense                  
   Nico Hischier            Ryan Dzingel             Jimmy Vesey              Matt Benning             John Moore               

Last Minutes Defensive
   Center                   Left Wing                Right Wing               Defense                  Defense                  
   Nico Hischier            Ryan Dzingel             Jimmy Vesey              Matt Benning             John Moore               

Goaltenders
Starting : Tristan Jarry            
Backup : Louis Domingue           

Extra Forwards
Normal : Milan Lucic, Cedric Paquette, Ryan Dzingel - PP : Milan Lucic, Cedric Paquette - PK : Ryan Dzingel
Extra Defensemen
Normal : Filip Hronek, Erik Gudbranson, John Moore - PP : Filip Hronek - PK : Erik Gudbranson, John Moore
Penalty Shots
Milan Lucic, Cedric Paquette, Ryan Dzingel, Brady Tkachuk, Jimmy Vesey
Custom OT Lines Forwards
Wayne Simmonds, Nico Hischier, Ryan Dzingel, Brady Tkachuk, Jimmy Vesey, Milan Lucic, Cedric Paquette, Ryan Hartman, Ivan Barbashev, Jordan Greenway
Custom OT Lines Defensemen
Erik Gudbranson, John Moore, Jakob Chychrun, Samuel Girard, Filip Hronek

Scratches
Christian Jaros (Healthy), Curtis Lazar (Healthy), Jeremy Gregoire (Healthy), Jonas Brodin (Healthy), Nathan Beaulieu (Healthy)
Emerson Etem (Healthy), Sam Reinhart (Abdominal Strain Injury), Zach O'Brien (Healthy), Antti Raanta (Healthy), Evan Cormier (Healthy)

% Time on Ice - KELOWNA ROCKETS

Lines # - Real PCT - Wanted PCT - Time Play
Normal Forward
1 - 35% - 36% - 14:32
2 - 36% - 36% - 15:02
3 - 20% - 23% - 8:15
4 - 9% - 5% - 3:46
Normal Defense
1 - 33% - 33% - 13:49
2 - 29% - 31% - 12:16
3 - 27% - 23% - 11:23
4 - 10% - 13% - 4:07
PP Forward
1 - 56% - 75% - 5:54
2 - 44% - 25% - 4:35
PP Defense
1 - 62% - 75% - 6:28
2 - 38% - 25% - 4:01
PK Forward
1 - 59% - 55% - 4:39
2 - 41% - 45% - 3:17
PK Defense
1 - 47% - 55% - 3:42
2 - 53% - 45% - 4:14
PK3 Forward
1 - 0% - 55%
2 - 0% - 45%
PK3 Defense
1 - 0% - 55%
2 - 0% - 45%
44 Forward
1 - 0% - 50%
2 - 0% - 50%
44 Defense
1 - 0% - 50%
2 - 0% - 50%
Last Minute Offensive  - 0:00
Last Minute Defensive  - 0:00
Total
Forward - 60:00
Defense - 60:00

% Time on Ice - OAKLAND GORILLAS

Lines # - Real PCT - Wanted PCT - Time Play
Normal Forward
1 - 30% - 36% - 12:20
2 - 30% - 31% - 12:34
3 - 27% - 23% - 11:14
4 - 13% - 10% - 5:27
Normal Defense
1 - 20% - 36% - 8:08
2 - 27% - 31% - 11:21
3 - 37% - 23% - 15:24
4 - 16% - 10% - 6:42
PP Forward
1 - 55% - 55% - 4:23
2 - 45% - 45% - 3:33
PP Defense
1 - 66% - 55% - 5:15
2 - 34% - 45% - 2:41
PK Forward
1 - 55% - 55% - 5:46
2 - 45% - 45% - 4:43
PK Defense
1 - 80% - 55% - 8:24
2 - 20% - 45% - 2:05
PK3 Forward
1 - 0% - 55%
2 - 0% - 45%
PK3 Defense
1 - 0% - 55%
2 - 0% - 45%
44 Forward
1 - 0% - 55%
2 - 0% - 45%
44 Defense
1 - 0% - 55%
2 - 0% - 45%
Last Minute Offensive  - 0:00
Last Minute Defensive  - 0:00
Total
Forward - 60:00
Defense - 60:00

Play-by-Play

1st period


0:01 of 1st period - Wayne Simmonds wins face-off versus Evgeny Kuznetsov in neutral zone.
0:15 of 1st period - Shot by Alexander Ovechkin.
0:15 of 1st period - Shot Blocked by Nico Hischier.
1:30 of 1st period - Shot by Ryan Dzingel.
1:30 of 1st period - Shot Blocked by Jordan Eberle.
1:54 of 1st period - Shot by Jimmy Vesey.
1:54 of 1st period - Stopped by Tuukka Rask without a rebound.
1:55 of 1st period - Nick Bjugstad wins face-off versus Ivan Barbashev in KELOWNA ROCKETS zone.
2:01 of 1st period - Off-side.
2:02 of 1st period - Anthony Cirelli wins face-off versus Ivan Barbashev in neutral zone.
2:05 of 1st period - John Moore is hit by Tyler Bertuzzi and loses puck.
2:06 of 1st period - John Moore from OAKLAND GORILLAS is injured at 2:06 of 1st period (Back Spasms).
2:07 of 1st period - Anthony Cirelli wins face-off versus Ivan Barbashev in OAKLAND GORILLAS zone.
2:19 of 1st period - Icing by Filip Hronek.
2:20 of 1st period - James van Riemsdyk wins face-off versus Ivan Barbashev in OAKLAND GORILLAS zone.
2:41 of 1st period - Shot by James van Riemsdyk.
2:41 of 1st period - Stopped by Tristan Jarry without a rebound.
2:42 of 1st period - Evgeny Kuznetsov wins face-off versus Cedric Paquette in OAKLAND GORILLAS zone.
2:48 of 1st period - Icing by Jakob Chychrun.
2:49 of 1st period - Anthony Cirelli wins face-off versus Cedric Paquette in OAKLAND GORILLAS zone.
2:51 of 1st period - Minor Penalty to Filip Hronek for Hooking.
2:52 of 1st period - Jimmy Vesey wins face-off versus James van Riemsdyk in OAKLAND GORILLAS zone.
3:09 of 1st period - Shot by Vladimir Tarasenko.
3:09 of 1st period - Shot Blocked by Erik Gudbranson.
3:23 of 1st period - Shot by Vladimir Tarasenko.
3:23 of 1st period - Shot Misses the Net.
3:25 of 1st period - Shot by Alexander Ovechkin.
3:25 of 1st period - Goal by Alexander Ovechkin - KELOWNA ROCKETS : 1 - OAKLAND GORILLAS : 0.
3:26 of 1st period - Anthony Cirelli wins face-off versus Ivan Barbashev in neutral zone.
3:36 of 1st period - Anthony Cirelli is hit by Filip Hronek.
3:41 of 1st period - Tyler Bertuzzi is hit by Samuel Girard and loses puck.
3:47 of 1st period - Minor Penalty to Filip Hronek for Roughing.
3:48 of 1st period - Evgeny Kuznetsov wins face-off versus Ryan Dzingel in OAKLAND GORILLAS zone.
3:48 of 1st period - Evgeny Kuznetsov is hit by Jakob Chychrun.
3:58 of 1st period - Shot by Alexander Ovechkin.
3:58 of 1st period - Shot Misses the Net.
4:24 of 1st period - Shot by Vladimir Tarasenko.
4:24 of 1st period - Stopped by Tristan Jarry without a rebound.
4:25 of 1st period - Jimmy Vesey wins face-off versus Nick Bjugstad in OAKLAND GORILLAS zone.
4:33 of 1st period - Tyler Bertuzzi is hit by Milan Lucic and loses puck.
4:37 of 1st period - Nick Bjugstad is hit by Erik Gudbranson and loses puck.
5:22 of 1st period - Shot by Evgeny Kuznetsov.
5:22 of 1st period - Stopped by Tristan Jarry without a rebound.
5:23 of 1st period - Jimmy Vesey wins face-off versus Evgeny Kuznetsov in OAKLAND GORILLAS zone.
5:23 of 1st period - Jimmy Vesey is hit by Evgeny Kuznetsov.
5:37 of 1st period - Shot by Vladimir Tarasenko.
5:37 of 1st period - Shot Blocked by Jimmy Vesey.
5:44 of 1st period - Icing by Alexander Ovechkin.
5:45 of 1st period - Ryan Dzingel wins face-off versus Evgeny Kuznetsov in KELOWNA ROCKETS zone.
5:54 of 1st period - Shot by Jordan Greenway.
5:54 of 1st period - Deflect By Ivan Barbashev.
5:54 of 1st period - Shot Blocked by Drew Doughty.
7:02 of 1st period - Shot by Jimmy Vesey.
7:02 of 1st period - Shot Blocked by Jonas Siegenthaler.
7:04 of 1st period - Shot by Cedric Paquette.
7:04 of 1st period - Shot Misses the Net.
7:06 of 1st period - Shot by Jimmy Vesey.
7:06 of 1st period - Goal by Jimmy Vesey - KELOWNA ROCKETS : 1 - OAKLAND GORILLAS : 1.
7:07 of 1st period - Wayne Simmonds wins face-off versus Auston Matthews in neutral zone.
7:16 of 1st period - Nico Hischier is hit by Nikita Zadorov and loses puck.
7:21 of 1st period - Shot by Jordan Eberle.
7:21 of 1st period - Stopped by Tristan Jarry without a rebound.
7:22 of 1st period - Cedric Paquette wins face-off versus Alexander Ovechkin in OAKLAND GORILLAS zone.
7:33 of 1st period - Shot by Ryan Dzingel.
7:33 of 1st period - Shot Blocked by Dmitri Orlov.
7:43 of 1st period - Shot by Vladimir Tarasenko.
7:43 of 1st period - Goal by Vladimir Tarasenko - KELOWNA ROCKETS : 2 - OAKLAND GORILLAS : 1.
7:44 of 1st period - Auston Matthews wins face-off versus Wayne Simmonds in neutral zone.
7:44 of 1st period - Auston Matthews is hit by Brady Tkachuk.
7:51 of 1st period - Icing by Jakob Chychrun.
7:52 of 1st period - Auston Matthews wins face-off versus Wayne Simmonds in OAKLAND GORILLAS zone.
8:02 of 1st period - Auston Matthews is hit by Matt Benning.
8:03 of 1st period - Minor Penalty to Matt Benning for Cross-checking.
8:04 of 1st period - Jimmy Vesey wins face-off versus Evgeny Kuznetsov in OAKLAND GORILLAS zone.
8:19 of 1st period - Icing by Adam Fox.
8:20 of 1st period - Evgeny Kuznetsov wins face-off versus Jimmy Vesey in KELOWNA ROCKETS zone.
8:35 of 1st period - Shot by Alexander Ovechkin.
8:35 of 1st period - Shot Misses the Net.
8:37 of 1st period - Shot by Alexander Ovechkin.
8:37 of 1st period - Shot Misses the Net.
9:19 of 1st period - Shot by Nick Bjugstad.
9:19 of 1st period - Stopped by Tristan Jarry with a rebound.
10:50 of 1st period - Shot by Wayne Simmonds.
10:50 of 1st period - Stopped by Tuukka Rask with a rebound.
10:52 of 1st period - Shot by Milan Lucic.
10:52 of 1st period - Stopped by Tuukka Rask without a rebound.
10:53 of 1st period - Evgeny Kuznetsov wins face-off versus Cedric Paquette in KELOWNA ROCKETS zone.
10:53 of 1st period - Evgeny Kuznetsov is hit by Cedric Paquette.
11:42 of 1st period - Icing by Filip Hronek.
11:43 of 1st period - Anthony Cirelli wins face-off versus Ryan Dzingel in OAKLAND GORILLAS zone.
12:02 of 1st period - Shot by Pavel Buchnevich.
12:02 of 1st period - Shot Misses the Net.
12:23 of 1st period - Ryan Dzingel is hit by Dmitri Orlov and loses puck.
13:56 of 1st period - Icing by Vladimir Tarasenko.
13:57 of 1st period - Ivan Barbashev wins face-off versus Evgeny Kuznetsov in KELOWNA ROCKETS zone.
14:13 of 1st period - Icing by Erik Gudbranson.
14:14 of 1st period - Auston Matthews wins face-off versus Ivan Barbashev in OAKLAND GORILLAS zone.
14:17 of 1st period - Shot by Jordan Eberle.
14:17 of 1st period - Shot Misses the Net.
14:37 of 1st period - Shot by Auston Matthews.
14:37 of 1st period - Shot Misses the Net.
14:51 of 1st period - Shot by Auston Matthews.
14:51 of 1st period - Shot Hit the Post.
15:27 of 1st period - Pavel Buchnevich is hit by Brandon Dubinsky and loses puck.
15:33 of 1st period - Anthony Cirelli is hit by Brandon Dubinsky and loses puck.
17:12 of 1st period - Shot by James van Riemsdyk.
17:12 of 1st period - Shot Misses the Net.
17:14 of 1st period - Shot by Jordan Eberle.
17:14 of 1st period - Shot Blocked by Jakob Chychrun.
17:16 of 1st period - Shot by Auston Matthews.
17:16 of 1st period - Shot Misses the Net.
17:18 of 1st period - Shot by Auston Matthews.
17:18 of 1st period - Shot Hit the Post.
17:20 of 1st period - Shot by Dmitri Orlov.
17:20 of 1st period - Stopped by Tristan Jarry without a rebound.
17:21 of 1st period - Nick Bjugstad wins face-off versus Milan Lucic in OAKLAND GORILLAS zone.
17:21 of 1st period - Adam Fox is hit by Erik Gudbranson and loses puck.
18:06 of 1st period - Icing by Erik Gudbranson.
18:07 of 1st period - Auston Matthews wins face-off versus Wayne Simmonds in OAKLAND GORILLAS zone.
18:09 of 1st period - Jordan Eberle is hit by Matt Benning and loses puck.
18:49 of 1st period - Icing by Brandon Dubinsky.
18:50 of 1st period - Alexander Ovechkin wins face-off versus Wayne Simmonds in OAKLAND GORILLAS zone.
18:57 of 1st period - Shot by Vladimir Tarasenko.
18:57 of 1st period - Shot Misses the Net.
18:59 of 1st period - Shot by Vladimir Tarasenko.
18:59 of 1st period - Stopped by Tristan Jarry without a rebound.
19:00 of 1st period - Evgeny Kuznetsov wins face-off versus Cedric Paquette in OAKLAND GORILLAS zone.
19:01 of 1st period - Shot by Alexander Ovechkin.
19:01 of 1st period - Shot Misses the Net.
19:13 of 1st period - Shot by Ryan Dzingel.
19:13 of 1st period - Stopped by Tuukka Rask without a rebound.
19:14 of 1st period - Ivan Barbashev wins face-off versus Anthony Cirelli in KELOWNA ROCKETS zone.
19:21 of 1st period - Shot by Jordan Greenway.
19:21 of 1st period - Stopped by Tuukka Rask with a rebound.
19:29 of 1st period - Icing by Marcus Pettersson.
19:30 of 1st period - Cedric Paquette wins face-off versus Pavel Buchnevich in KELOWNA ROCKETS zone.
19:55 of 1st period - Shot by Pavel Buchnevich.
19:55 of 1st period - Stopped by Tristan Jarry with a rebound.
Goals for this period are 2 for KELOWNA ROCKETS vs 1 for OAKLAND GORILLAS.
Shots for this period are 10 for KELOWNA ROCKETS vs 6 for OAKLAND GORILLAS.

2nd period


0:01 of 2nd period - Wayne Simmonds wins face-off versus James van Riemsdyk in neutral zone.
0:21 of 2nd period - Shot by Brady Tkachuk.
0:21 of 2nd period - Shot Misses the Net.
0:42 of 2nd period - Shot by Jakob Chychrun.
0:42 of 2nd period - Stopped by Tuukka Rask with a rebound.
0:54 of 2nd period - Samuel Girard is hit by Nikita Zadorov and loses puck.
1:07 of 2nd period - Shot by Ryan Dzingel.
1:07 of 2nd period - Deflect By Cedric Paquette.
1:07 of 2nd period - Shot Blocked by Drew Doughty.
1:09 of 2nd period - Shot by Filip Hronek.
1:09 of 2nd period - Shot Hit the Post.
1:19 of 2nd period - Shot by Ryan Dzingel.
1:19 of 2nd period - Shot Misses the Net.
1:21 of 2nd period - Shot by Cedric Paquette.
1:21 of 2nd period - Stopped by Tuukka Rask with a rebound.
1:27 of 2nd period - Shot by Cedric Paquette.
1:27 of 2nd period - Shot Misses the Net.
1:29 of 2nd period - Shot by Cedric Paquette.
1:29 of 2nd period - Deflect By Jimmy Vesey.
1:29 of 2nd period - Stopped by Tuukka Rask without a rebound.
1:30 of 2nd period - Evgeny Kuznetsov wins face-off versus Ivan Barbashev in KELOWNA ROCKETS zone.
1:53 of 2nd period - Shot by Vladimir Tarasenko.
1:53 of 2nd period - Goal by Vladimir Tarasenko - KELOWNA ROCKETS : 3 - OAKLAND GORILLAS : 1.
1:54 of 2nd period - Anthony Cirelli wins face-off versus Wayne Simmonds in neutral zone.
2:01 of 2nd period - Shot by Tyler Bertuzzi.
2:01 of 2nd period - Stopped by Tristan Jarry without a rebound.
2:02 of 2nd period - Wayne Simmonds wins face-off versus Evgeny Kuznetsov in OAKLAND GORILLAS zone.
2:02 of 2nd period - Wayne Simmonds is hit by Alexander Ovechkin.
2:20 of 2nd period - Shot by Brady Tkachuk.
2:20 of 2nd period - Shot Blocked by Dmitri Orlov.
3:14 of 2nd period - Minor Penalty to Tyler Bertuzzi for Hooking.
3:15 of 2nd period - Cedric Paquette wins face-off versus Anthony Cirelli in KELOWNA ROCKETS zone.
3:25 of 2nd period - Icing by Samuel Girard.
3:26 of 2nd period - Anthony Cirelli wins face-off versus Cedric Paquette in OAKLAND GORILLAS zone.
3:29 of 2nd period - Shot by Anthony Cirelli.
3:29 of 2nd period - Stopped by Tristan Jarry without a rebound.
3:30 of 2nd period - Cedric Paquette wins face-off versus Anthony Cirelli in OAKLAND GORILLAS zone.
3:39 of 2nd period - Shot by Anthony Cirelli.
3:39 of 2nd period - Shot Misses the Net.
4:09 of 2nd period - Shot by Ryan Dzingel.
4:09 of 2nd period - Shot Misses the Net.
4:35 of 2nd period - Shot by Milan Lucic.
4:35 of 2nd period - Stopped by Tuukka Rask without a rebound.
4:36 of 2nd period - Milan Lucic wins face-off versus Anthony Cirelli in KELOWNA ROCKETS zone.
4:53 of 2nd period - Shot by Milan Lucic.
4:53 of 2nd period - Stopped by Tuukka Rask without a rebound.
4:54 of 2nd period - Auston Matthews wins face-off versus Milan Lucic in KELOWNA ROCKETS zone.
5:53 of 2nd period - Shot by Ryan Dzingel.
5:53 of 2nd period - Stopped by Tuukka Rask without a rebound.
5:54 of 2nd period - Cedric Paquette wins face-off versus Auston Matthews in KELOWNA ROCKETS zone.
5:57 of 2nd period - Shot by Ryan Dzingel.
5:57 of 2nd period - Shot Blocked by Auston Matthews.
6:29 of 2nd period - Minor Penalty to Auston Matthews for Slashing.
6:30 of 2nd period - Anthony Cirelli wins face-off versus Milan Lucic in KELOWNA ROCKETS zone.
6:30 of 2nd period - Anthony Cirelli is hit by Milan Lucic.
7:29 of 2nd period - Icing by Erik Gudbranson.
7:30 of 2nd period - Joakim Nordstrom wins face-off versus Cedric Paquette in OAKLAND GORILLAS zone.
8:00 of 2nd period - Jordan Eberle is hit by Milan Lucic and loses puck.
8:38 of 2nd period - Ivan Barbashev is hit by Marcus Pettersson and loses puck.
8:40 of 2nd period - Minor Penalty to Ryan Hartman for Roughing.
8:41 of 2nd period - Evgeny Kuznetsov wins face-off versus Jimmy Vesey in OAKLAND GORILLAS zone.
8:56 of 2nd period - Shot by Evgeny Kuznetsov.
8:56 of 2nd period - Shot Misses the Net.
8:58 of 2nd period - Shot by Vladimir Tarasenko.
8:58 of 2nd period - Stopped by Tristan Jarry without a rebound.
8:59 of 2nd period - Nick Bjugstad wins face-off versus Ryan Dzingel in OAKLAND GORILLAS zone.
9:02 of 2nd period - Shot by Tyler Bertuzzi.
9:02 of 2nd period - Shot Misses the Net.
9:08 of 2nd period - Shot by Tyler Bertuzzi.
9:08 of 2nd period - Shot Misses the Net.
9:12 of 2nd period - Shot by Alexander Ovechkin.
9:12 of 2nd period - Shot Misses the Net.
9:14 of 2nd period - Shot by Alexander Ovechkin.
9:14 of 2nd period - Stopped by Tristan Jarry without a rebound.
9:15 of 2nd period - Evgeny Kuznetsov wins face-off versus Jimmy Vesey in OAKLAND GORILLAS zone.
9:52 of 2nd period - Shot by Vladimir Tarasenko.
9:52 of 2nd period - Shot Blocked by Filip Hronek.
10:15 of 2nd period - Adam Fox is hit by Brady Tkachuk.
10:50 of 2nd period - Shot by Auston Matthews.
10:50 of 2nd period - Shot Misses the Net.
10:52 of 2nd period - Shot by Dmitri Orlov.
10:52 of 2nd period - Shot Hit the Post.
10:54 of 2nd period - Shot by Dmitri Orlov.
10:54 of 2nd period - Shot Blocked by Matt Benning.
10:56 of 2nd period - Shot by Drew Doughty.
10:56 of 2nd period - Shot Blocked by Matt Benning.
11:41 of 2nd period - Shot by Nick Bjugstad.
11:41 of 2nd period - Stopped by Tristan Jarry without a rebound.
11:42 of 2nd period - Cedric Paquette wins face-off versus Evgeny Kuznetsov in OAKLAND GORILLAS zone.
11:52 of 2nd period - Shot by Evgeny Kuznetsov.
11:52 of 2nd period - Deflect By Alexander Ovechkin.
11:52 of 2nd period - Shot Blocked by Erik Gudbranson.
12:09 of 2nd period - Icing by Filip Hronek.
12:10 of 2nd period - Cedric Paquette wins face-off versus Anthony Cirelli in OAKLAND GORILLAS zone.
12:22 of 2nd period - Ryan Dzingel is hit by Adam Fox.
12:23 of 2nd period - Minor Penalty to Adam Fox for Roughing.
12:24 of 2nd period - Anthony Cirelli wins face-off versus Milan Lucic in KELOWNA ROCKETS zone.
12:42 of 2nd period - Milan Lucic is hit by Dmitri Orlov and loses puck.
13:54 of 2nd period - Nick Bjugstad is hit by Matt Benning and loses puck.
14:41 of 2nd period - Shot by Alexander Ovechkin.
14:41 of 2nd period - Stopped by Tristan Jarry without a rebound.
14:42 of 2nd period - Evgeny Kuznetsov wins face-off versus Ivan Barbashev in OAKLAND GORILLAS zone.
14:45 of 2nd period - Shot by Alexander Ovechkin.
14:45 of 2nd period - Stopped by Tristan Jarry with a rebound.
14:47 of 2nd period - Shot by Vladimir Tarasenko.
14:47 of 2nd period - Shot Misses the Net.
14:49 of 2nd period - Shot by Dmitri Orlov.
14:49 of 2nd period - Shot Blocked by Jakob Chychrun.
15:07 of 2nd period - Shot by Vladimir Tarasenko.
15:07 of 2nd period - Stopped by Tristan Jarry without a rebound.
15:08 of 2nd period - Wayne Simmonds wins face-off versus Auston Matthews in OAKLAND GORILLAS zone.
15:32 of 2nd period - Jordan Eberle is hit by Matt Benning.
16:00 of 2nd period - Evgeny Kuznetsov is hit by Matt Benning and loses puck.
16:03 of 2nd period - Shot by Vladimir Tarasenko.
16:03 of 2nd period - Shot Misses the Net.
16:12 of 2nd period - Vladimir Tarasenko is hit by Matt Benning.
16:28 of 2nd period - Shot by Alexander Ovechkin.
16:28 of 2nd period - Stopped by Tristan Jarry with a rebound.
16:30 of 2nd period - Shot by Vladimir Tarasenko.
16:30 of 2nd period - Deflect By Alexander Ovechkin.
16:30 of 2nd period - Stopped by Tristan Jarry without a rebound.
16:31 of 2nd period - Cedric Paquette wins face-off versus Anthony Cirelli in OAKLAND GORILLAS zone.
16:31 of 2nd period - Cedric Paquette is hit by Anthony Cirelli.
16:32 of 2nd period - Minor Penalty to Pavel Buchnevich for Roughing.
16:33 of 2nd period - Cedric Paquette wins face-off versus Anthony Cirelli in KELOWNA ROCKETS zone.
17:04 of 2nd period - Jakob Chychrun is hit by Anthony Cirelli and loses puck.
17:36 of 2nd period - Anthony Cirelli is hit by Erik Gudbranson and loses puck.
18:47 of 2nd period - Shot by Ryan Hartman.
18:47 of 2nd period - Stopped by Tuukka Rask without a rebound.
18:48 of 2nd period - Evgeny Kuznetsov wins face-off versus Milan Lucic in KELOWNA ROCKETS zone.
18:59 of 2nd period - Off-side.
19:00 of 2nd period - Wayne Simmonds wins face-off versus Nick Bjugstad in neutral zone.
19:16 of 2nd period - Shot by Nick Bjugstad.
19:16 of 2nd period - Stopped by Tristan Jarry with a rebound.
19:18 of 2nd period - Shot by Joakim Nordstrom.
19:18 of 2nd period - Stopped by Tristan Jarry without a rebound.
19:19 of 2nd period - Ivan Barbashev wins face-off versus Auston Matthews in OAKLAND GORILLAS zone.
19:21 of 2nd period - Icing by Ryan Hartman.
19:22 of 2nd period - Ivan Barbashev wins face-off versus Jordan Eberle in OAKLAND GORILLAS zone.
19:35 of 2nd period - Shot by James van Riemsdyk.
19:35 of 2nd period - Stopped by Tristan Jarry without a rebound.
19:36 of 2nd period - Cedric Paquette wins face-off versus Evgeny Kuznetsov in OAKLAND GORILLAS zone.
19:41 of 2nd period - Off-side.
19:42 of 2nd period - Auston Matthews wins face-off versus Wayne Simmonds in neutral zone.
19:44 of 2nd period - Jordan Eberle is hit by Brady Tkachuk and loses puck.
Goals for this period are 1 for KELOWNA ROCKETS vs 0 for OAKLAND GORILLAS.
Shots for this period are 14 for KELOWNA ROCKETS vs 7 for OAKLAND GORILLAS.

3rd period


0:01 of 3rd period - Wayne Simmonds wins face-off versus Jordan Eberle in neutral zone.
0:03 of 3rd period - Nico Hischier is hit by Auston Matthews.
0:15 of 3rd period - Shot by Wayne Simmonds.
0:15 of 3rd period - Stopped by Tuukka Rask with a rebound.
0:24 of 3rd period - Wayne Simmonds is hit by Dmitri Orlov and loses puck.
0:37 of 3rd period - Shot by Auston Matthews.
0:37 of 3rd period - Goal by Auston Matthews - KELOWNA ROCKETS : 4 - OAKLAND GORILLAS : 1.
0:37 of 3rd period - Louis Domingue enters game.
0:38 of 3rd period - Evgeny Kuznetsov wins face-off versus Cedric Paquette in neutral zone.
0:45 of 3rd period - Cedric Paquette is hit by Alexander Ovechkin and loses puck.
1:00 of 3rd period - Shot by Vladimir Tarasenko.
1:00 of 3rd period - Stopped by Louis Domingue without a rebound.
1:01 of 3rd period - Anthony Cirelli wins face-off versus Ivan Barbashev in OAKLAND GORILLAS zone.
1:03 of 3rd period - Pavel Buchnevich is hit by Erik Gudbranson and loses puck.
1:14 of 3rd period - Icing by Erik Gudbranson.
1:15 of 3rd period - Jordan Eberle wins face-off versus Ivan Barbashev in OAKLAND GORILLAS zone.
1:16 of 3rd period - Shot by Auston Matthews.
1:16 of 3rd period - Deflect By James van Riemsdyk.
1:16 of 3rd period - Shot Blocked by Ivan Barbashev.
1:23 of 3rd period - Shot by Auston Matthews.
1:23 of 3rd period - Shot Hit the Post.
1:25 of 3rd period - Shot by Auston Matthews.
1:25 of 3rd period - Stopped by Louis Domingue without a rebound.
1:26 of 3rd period - Evgeny Kuznetsov wins face-off versus Wayne Simmonds in OAKLAND GORILLAS zone.
1:33 of 3rd period - Shot by Vladimir Tarasenko.
1:33 of 3rd period - Shot Misses the Net.
1:35 of 3rd period - Shot by Drew Doughty.
1:35 of 3rd period - Stopped by Louis Domingue with a rebound.
1:37 of 3rd period - Shot by Vladimir Tarasenko.
1:37 of 3rd period - Stopped by Louis Domingue with a rebound.
1:39 of 3rd period - Shot by Vladimir Tarasenko.
1:39 of 3rd period - Stopped by Louis Domingue with a rebound.
1:41 of 3rd period - Shot by Drew Doughty.
1:41 of 3rd period - Goal by Drew Doughty - KELOWNA ROCKETS : 5 - OAKLAND GORILLAS : 1.
1:42 of 3rd period - Cedric Paquette wins face-off versus Auston Matthews in neutral zone.
3:04 of 3rd period - Shot by Evgeny Kuznetsov.
3:04 of 3rd period - Shot Misses the Net.
3:06 of 3rd period - Shot by Drew Doughty.
3:06 of 3rd period - Shot Misses the Net.
3:08 of 3rd period - Shot by Alexander Ovechkin.
3:08 of 3rd period - Stopped by Louis Domingue without a rebound.
3:09 of 3rd period - Ivan Barbashev wins face-off versus Anthony Cirelli in OAKLAND GORILLAS zone.
3:32 of 3rd period - Shot by Tyler Bertuzzi.
3:32 of 3rd period - Deflect By Pavel Buchnevich.
3:32 of 3rd period - Stopped by Louis Domingue without a rebound.
3:33 of 3rd period - Evgeny Kuznetsov wins face-off versus Wayne Simmonds in OAKLAND GORILLAS zone.
3:58 of 3rd period - Brady Tkachuk is hit by Nikita Zadorov and loses puck.
4:06 of 3rd period - Brady Tkachuk is hit by Nikita Zadorov and loses puck.
4:09 of 3rd period - Shot by Filip Hronek.
4:09 of 3rd period - Shot Misses the Net.
4:11 of 3rd period - Shot by Samuel Girard.
4:11 of 3rd period - Stopped by Tuukka Rask without a rebound.
4:12 of 3rd period - Cedric Paquette wins face-off versus James van Riemsdyk in KELOWNA ROCKETS zone.
5:32 of 3rd period - Off-side.
5:33 of 3rd period - Anthony Cirelli wins face-off versus Wayne Simmonds in neutral zone.
6:03 of 3rd period - Shot by Brady Tkachuk.
6:03 of 3rd period - Stopped by Tuukka Rask without a rebound.
6:04 of 3rd period - Ryan Hartman wins face-off versus Evgeny Kuznetsov in KELOWNA ROCKETS zone.
6:23 of 3rd period - Shot by Alexander Ovechkin.
6:23 of 3rd period - Shot Blocked by Samuel Girard.
6:43 of 3rd period - Shot by Alexander Ovechkin.
6:43 of 3rd period - Shot Blocked by Filip Hronek.
7:30 of 3rd period - Shot by Jordan Eberle.
7:30 of 3rd period - Stopped by Louis Domingue without a rebound.
7:31 of 3rd period - Wayne Simmonds wins face-off versus Anthony Cirelli in OAKLAND GORILLAS zone.
7:36 of 3rd period - Dmitri Orlov is hit by Milan Lucic and loses puck.
7:56 of 3rd period - Icing by Wayne Simmonds.
7:57 of 3rd period - Wayne Simmonds wins face-off versus Auston Matthews in OAKLAND GORILLAS zone.
8:06 of 3rd period - Shot by Auston Matthews.
8:06 of 3rd period - Stopped by Louis Domingue without a rebound.
8:07 of 3rd period - Evgeny Kuznetsov wins face-off versus Cedric Paquette in OAKLAND GORILLAS zone.
8:07 of 3rd period - Evgeny Kuznetsov is hit by Erik Gudbranson.
8:28 of 3rd period - Minor Penalty to Cedric Paquette for Tripping.
8:29 of 3rd period - Nick Bjugstad wins face-off versus Jimmy Vesey in OAKLAND GORILLAS zone.
8:38 of 3rd period - Shot by Tyler Bertuzzi.
8:38 of 3rd period - Stopped by Louis Domingue with a rebound.
8:59 of 3rd period - Off-side.
9:00 of 3rd period - Evgeny Kuznetsov wins face-off versus Ryan Dzingel in neutral zone.
9:03 of 3rd period - Jakob Chychrun is hit by Nikita Zadorov and loses puck.
9:20 of 3rd period - Shot by Vladimir Tarasenko.
9:20 of 3rd period - Stopped by Louis Domingue without a rebound.
9:21 of 3rd period - Nick Bjugstad wins face-off versus Jimmy Vesey in OAKLAND GORILLAS zone.
9:28 of 3rd period - Shot by Alexander Ovechkin.
9:28 of 3rd period - Shot Misses the Net.
9:30 of 3rd period - Shot by Adam Fox.
9:30 of 3rd period - Stopped by Louis Domingue without a rebound.
9:31 of 3rd period - Jimmy Vesey wins face-off versus Evgeny Kuznetsov in OAKLAND GORILLAS zone.
9:40 of 3rd period - Evgeny Kuznetsov is hit by Brady Tkachuk and loses puck.
9:53 of 3rd period - Erik Gudbranson is hit by Vladimir Tarasenko and loses puck.
9:58 of 3rd period - Shot by Alexander Ovechkin.
9:58 of 3rd period - Shot Misses the Net.
10:10 of 3rd period - Shot by Alexander Ovechkin.
10:10 of 3rd period - Shot Misses the Net.
10:12 of 3rd period - Shot by Vladimir Tarasenko.
10:12 of 3rd period - Stopped by Louis Domingue without a rebound.
10:13 of 3rd period - Nick Bjugstad wins face-off versus Jimmy Vesey in OAKLAND GORILLAS zone.
10:20 of 3rd period - Shot by Tyler Bertuzzi.
10:20 of 3rd period - Shot Misses the Net.
12:43 of 3rd period - Shot by James van Riemsdyk.
12:43 of 3rd period - Stopped by Louis Domingue without a rebound.
12:44 of 3rd period - Evgeny Kuznetsov wins face-off versus Cedric Paquette in OAKLAND GORILLAS zone.
12:44 of 3rd period - Vladimir Tarasenko is hit by Erik Gudbranson.
12:54 of 3rd period - Shot by Alexander Ovechkin.
12:54 of 3rd period - Deflect By Vladimir Tarasenko.
12:54 of 3rd period - Shot Misses the Net.
12:56 of 3rd period - Shot by Vladimir Tarasenko.
12:56 of 3rd period - Stopped by Louis Domingue without a rebound.
12:57 of 3rd period - Auston Matthews wins face-off versus Wayne Simmonds in OAKLAND GORILLAS zone.
13:26 of 3rd period - Shot by Jordan Eberle.
13:26 of 3rd period - Shot Misses the Net.
13:28 of 3rd period - Shot by Adam Fox.
13:28 of 3rd period - Stopped by Louis Domingue without a rebound.
13:29 of 3rd period - Cedric Paquette wins face-off versus Evgeny Kuznetsov in OAKLAND GORILLAS zone.
13:44 of 3rd period - Shot by Jimmy Vesey.
13:44 of 3rd period - Deflect By Ryan Dzingel.
13:44 of 3rd period - Stopped by Tuukka Rask without a rebound.
13:45 of 3rd period - Tyler Bertuzzi wins face-off versus Ivan Barbashev in KELOWNA ROCKETS zone.
14:59 of 3rd period - Ryan Dzingel is hit by Nikita Zadorov and loses puck.
15:12 of 3rd period - Shot by James van Riemsdyk.
15:12 of 3rd period - Stopped by Louis Domingue without a rebound.
15:13 of 3rd period - Wayne Simmonds wins face-off versus Evgeny Kuznetsov in OAKLAND GORILLAS zone.
16:19 of 3rd period - Shot by Tyler Bertuzzi.
16:19 of 3rd period - Stopped by Louis Domingue without a rebound.
16:20 of 3rd period - Ryan Dzingel wins face-off versus Jordan Eberle in OAKLAND GORILLAS zone.
16:20 of 3rd period - Ryan Dzingel is hit by Nikita Zadorov.
16:26 of 3rd period - Shot by Ryan Dzingel.
16:26 of 3rd period - Stopped by Tuukka Rask without a rebound.
16:27 of 3rd period - Auston Matthews wins face-off versus Cedric Paquette in KELOWNA ROCKETS zone.
17:36 of 3rd period - Nico Hischier is hit by Marcus Pettersson and loses puck.
17:42 of 3rd period - Minor Penalty to Brady Tkachuk for High sticking.
17:43 of 3rd period - Nick Bjugstad wins face-off versus Brandon Dubinsky in OAKLAND GORILLAS zone.
17:46 of 3rd period - Shot by Alexander Ovechkin.
17:46 of 3rd period - Shot Misses the Net.
18:06 of 3rd period - Shot by Pavel Buchnevich.
18:06 of 3rd period - Shot Blocked by Erik Gudbranson.
18:08 of 3rd period - Shot by Adam Fox.
18:08 of 3rd period - Shot Misses the Net.
18:10 of 3rd period - Shot by Nick Bjugstad.
18:10 of 3rd period - Shot Misses the Net.
18:25 of 3rd period - Tyler Bertuzzi is hit by Erik Gudbranson and loses puck.
18:44 of 3rd period - Shot by Vladimir Tarasenko.
18:44 of 3rd period - Shot Blocked by Samuel Girard.
18:46 of 3rd period - Shot by Nikita Zadorov.
18:46 of 3rd period - Stopped by Louis Domingue with a rebound.
18:48 of 3rd period - Shot by Nikita Zadorov.
18:48 of 3rd period - Stopped by Louis Domingue without a rebound.
18:49 of 3rd period - Evgeny Kuznetsov wins face-off versus Jimmy Vesey in OAKLAND GORILLAS zone.
19:14 of 3rd period - Shot by Vladimir Tarasenko.
19:14 of 3rd period - Stopped by Louis Domingue without a rebound.
19:15 of 3rd period - Nick Bjugstad wins face-off versus Jimmy Vesey in OAKLAND GORILLAS zone.
19:16 of 3rd period - Shot by Alexander Ovechkin.
19:16 of 3rd period - Stopped by Louis Domingue without a rebound.
19:17 of 3rd period - Nick Bjugstad wins face-off versus Jimmy Vesey in OAKLAND GORILLAS zone.
Goals for this period are 2 for KELOWNA ROCKETS vs 0 for OAKLAND GORILLAS.
Shots for this period are 24 for KELOWNA ROCKETS vs 5 for OAKLAND GORILLAS.


DARCY
KUEMPER
JAKE
OETTINGER
NINO
NIEDERREITER

EAST COAST

HOCKEY LEAGUE

  • 1.CHI2QUE4
  • 2.LIM2CHA3
  • 3.LON3TRV5
  • 4.BAL5CHW6
  • 5.MANPIT
  • 6.NHWATL
  • 7.PETWOR
  • 8.RHI